AoeStats
← Dangerfyld

Arena

508734407Analyzed
2v2 RM · 8d ago on Sep 23, 2026· 51m 53s· 4 players
Game mode
Random Map
Map size
Medium (4 player)
Population
200
Speed
Normal
Resources
Standard
Victory
Conquest
Starting age
Dark Age
Ending age
Imperial Age
RankedLock teamsTeams togetherTeam positionsShared explorationLock speedFull tech treeHidden civsTurbo modeCheats
Victory
Defeat
🇦🇹 Persians · Austria
908
+18
🇦🇹 Franks · Austria
851
+19
🇦🇷 Inca · Argentina
978
-20
🇨🇱 Berbers · Chile
906
-17
damictevez
0:52 Loom
12:19 Feudal Age
13:49 Town Watch
14:19 Double-Bit Axe
14:49 Horse Collar
19:16 Castle Age
17:01 Champi Runner
19:13 Wheelbarrow
21:03 Bow Saw
20:45 Pikeman
24:52 Champi Warrior
25:33 Squires
26:42 Gold Mining
27:07 Caravan
27:24 Heavy Plow
31:34 Stone Mining
35:58 Imperial Age
33:47 Hand Cart
34:18 Arson
36:56 Forging
36:47 Scale Mail Armor
36:41 Fletching
36:52 Padded Archer Armor
37:15 Conscription
37:31 Bodkin Arrow
38:34 Thumb Ring
39:09 Iron Casting
38:52 Leather Archer Armor
41:25 Chain Mail Armor
40:39 Elite Skirmisher
42:08 Fortified Wall
42:21 Ballistics
42:13 Masonry
42:54 Crop Rotation
49:56 Halberdier
gitPushOriginMaster
12:11 Feudal Age
12:36 Double-Bit Axe
15:51 Castle Age
15:41 Horse Collar
16:13 Loom
16:42 Bow Saw
17:29 Heavy Plow
18:09 Town Watch
21:46 Scale Barding Armor
23:11 Forging
23:48 Wheelbarrow
24:47 Iron Casting
24:52 Pikeman
26:42 Gold Mining
26:42 Stone Mining
28:34 Gold Shaft Mining
28:54 Stone Shaft Mining
29:27 Chain Barding Armor
29:12 Husbandry
29:23 Bloodlines
30:21 Hand Cart
30:09 Town Patrol
30:23 Fletching
33:36 Imperial Age
31:02 Bodkin Arrow
31:00 Treadmill Crane
32:00 Padded Archer Armor
32:25 Ballistics
33:02 Leather Archer Armor
34:18 Masonry
34:39 Bracer
35:15 Plate Barding Armor
35:41 Blast Furnace
34:06 Heavy Camel Rider
35:58 Chemistry
37:23 Ring Archer Armor
39:13 Elite Camel Archer
40:01 Maghrebi Camels
40:12 Kasbah
40:49 Hoardings
41:09 Siege Engineers
44:15 Light Cavalry
45:49 Hussar
Dangerfyld
11:02 Feudal Age
16:45 Castle Age
14:55 Horse Collar
15:11 Double-Bit Axe
15:31 Gold Mining
15:43 Stone Mining
20:00 Stone Shaft Mining
21:48 Loom
24:34 Wheelbarrow
24:18 Bow Saw
24:36 Heavy Plow
26:16 Gold Shaft Mining
26:34 Kamandaran
30:43 Forging
32:36 Hand Cart
35:09 Imperial Age
32:59 Scale Barding Armor
33:10 Masonry
32:57 Murder Holes
32:25 Crossbowman
33:10 Thumb Ring
36:16 Conscription
36:47 Ballistics
36:58 Architecture
37:29 Chemistry
37:01 Crop Rotation
37:33 Two-Man Saw
36:39 Padded Archer Armor
36:30 Fletching
38:21 Hoardings
38:46 Bodkin Arrow
39:06 Leather Archer Armor
39:12 Chain Barding Armor
39:28 Iron Casting
39:24 Elite War Elephant
40:40 Coinage
40:25 Citadels
46:02 Pikeman
46:43 Squires
46:28 Arson
48:03 Plate Barding Armor
48:29 Blast Furnace
Law
9:52 Loom
12:20 Feudal Age
13:01 Double-Bit Axe
13:12 Gold Mining
16:39 Wheelbarrow
19:12 Castle Age
17:32 Stone Mining
18:50 Scale Barding Armor
18:55 Scale Mail Armor
20:47 Husbandry
25:37 Hand Cart
25:50 Bow Saw
25:28 Pikeman
26:08 Squires
27:24 Squires
30:46 Caravan
31:30 Coinage
36:24 Imperial Age
34:39 Arson
36:36 Ordonnance Companies
37:09 Cavalier
38:35 Gold Shaft Mining
38:18 Heavy Scorpion
39:44 Light Cavalry
40:52 Chain Barding Armor
40:48 Chain Mail Armor
40:26 Paladin
43:25 Plate Barding Armor
43:30 Banking
43:00 Halberdier
Connection lost

Rejoining the realm…

Still unreachable

The connection could not be restored.

Session expired

The server has moved on; the page needs a fresh start.